Vancouver Canucks vs Colorado Rockies
Created - Monday, September 29, 2025 at 07:20
Goals
|
| Vancouver Canucks |
3 |
1 |
1 |
5 |
| Colorado Rockies |
2 |
0 |
0 |
2 |
|
Shots
|
| Vancouver Canucks |
17 |
11 |
13 |
41 |
| Colorado Rockies |
13 |
8 |
10 |
31 |
|
1st period
1. Vancouver Canucks , Mikko Rantanen 20 (Clayton Keller 22) at 0:04
2. Vancouver Canucks , Brett Leason 4 (Casey Mittelstadt 14, Jake Bean 5) at 9:04
3. Colorado Rockies , Tim Stutzle 13 (Nikita Kucherov 16) at 11:18 (PP)
4. Colorado Rockies , Nick Schmaltz 12 (Michael Bunting 13) at 16:45
5. Vancouver Canucks , Clayton Keller 15 (Mikko Rantanen 28) at 19:17
Penalties :
Anton Lundell (VAN) for Holding (Minor) at 1:31, Anton Lundell (VAN) for Unsportsmanlike conduct (Minor) at 10:38
2nd period
6. Vancouver Canucks , Mikko Rantanen 21 (Clayton Keller 23, Artturi Lehkonen 16) at 4:46
Penalties :
Kyle Palmieri (COL) for Tripping (Minor) at 7:12, David Pastrnak (COL) for Cross-checking (Minor) at 12:30, Evgeny Kuznetsov (COL) for Tripping (Minor) at 17:26
3rd period
7. Vancouver Canucks , Casey Mittelstadt 13 (Noah Hanifin 17, Artturi Lehkonen 17) at 1:33 (PP)
Penalties :
Michael Bunting (COL) for Tripping (Minor) at 1:23, Anton Lundell (VAN) for Holding (Minor) at 3:36, Anton Lundell (VAN) for Slashing (Minor) at 10:02, Anton Lundell (VAN) for Holding Stick (Minor) at 16:48
Goalie Stats
Cam Talbot (VAN), 29 saves from 31 shots - (0.935), W, 13-10-1, 60:00 minutes
Joey Daccord (COL), 36 saves from 41 shots - (0.878), L, 6-9-3, 60:00 minutes
Players Stats for Vancouver Canucks
Player Name G A P +/- PIM S H SB GA TA FO MP PP MP PK MP
------------------------------------------------------------------------------------
Aleksander Barkov 0 0 0 0 0 2 2 0 0 1 8/15 18:30 3:01 3:18
Anton Lundell 0 0 0 0 10 4 0 0 0 0 1/1 12:56 0:00 0:00
Artturi Lehkonen 0 2 2 2 0 3 1 1 2 1 2/3 22:28 3:06 3:18
Bobby McMann 0 0 0 0 0 1 2 0 0 0 0/0 9:30 0:00 0:00
Brett Leason 1 0 1 1 0 1 2 0 0 0 1/1 11:08 0:00 4:09
Casey Mittelstadt 1 1 2 1 0 5 1 0 0 0 5/8 14:11 3:06 4:10
Clayton Keller 1 2 3 2 0 4 0 2 0 1 15/26 19:36 2:56 0:32
Connor Zary 0 0 0 0 0 2 2 0 0 0 1/1 15:06 3:06 0:00
Emil Martinsen Lilleberg 0 0 0 1 0 1 1 1 0 1 0/0 13:31 0:00 0:00
Jake Bean 0 1 1 1 0 1 0 1 0 0 0/0 13:31 0:00 0:00
Jesperi Kotkaniemi 0 0 0 0 0 2 1 1 0 0 1/1 12:23 0:05 1:45
Joel Hanley 0 0 0 -1 0 0 3 1 0 0 0/0 20:47 3:21 4:02
Matias Maccelli 0 0 0 1 0 0 0 0 0 0 0/0 6:33 0:00 0:00
Mikko Rantanen 2 1 3 2 0 7 0 0 0 0 2/2 19:28 3:01 0:00
Miro Heiskanen 0 0 0 3 0 3 1 0 0 0 0/0 25:42 2:46 4:34
Noah Hanifin 0 1 1 3 0 3 0 2 0 1 0/0 25:42 2:46 4:34
Ryan McDonagh 0 0 0 -1 0 1 0 2 0 0 0/0 20:47 3:21 4:02
Sean Couturier 0 0 0 0 0 1 0 0 0 0 5/7 9:30 0:00 0:00
Players Stats for Colorado Rockies
Player Name G A P +/- PIM S H SB GA TA FO MP PP MP PK MP
------------------------------------------------------------------------------------
Andrew Peeke 0 0 0 -3 0 1 2 2 0 0 0/0 22:36 3:39 2:57
David Pastrnak 0 0 0 0 2 1 7 0 0 0 0/0 14:33 4:26 0:00
Evgeny Kuznetsov 0 0 0 -1 2 0 1 1 0 0 1/12 12:41 0:05 0:00
Jesper Bratt 0 0 0 0 0 0 0 0 2 0 0/1 14:57 4:26 0:13
Kevin Hayes 0 0 0 0 0 0 1 0 0 0 0/0 15:12 0:05 2:56
Kyle Connor 0 0 0 -2 0 0 0 0 0 0 0/1 18:14 4:05 3:13
Kyle Palmieri 0 0 0 0 2 0 2 0 0 0 1/11 14:40 4:26 0:00
Martin Fehervary 0 0 0 -1 0 3 1 1 0 0 0/0 24:02 4:05 3:10
Michael Bunting 0 1 1 0 2 2 3 0 0 0 0/0 14:36 0:00 2:41
Nick Bonino 0 0 0 -1 0 0 0 0 0 0 0/1 11:48 0:00 0:00
Nick Schmaltz 1 0 1 0 0 4 1 0 0 0 6/15 15:22 0:05 2:51
Nikita Kucherov 0 1 1 -2 0 5 1 0 2 0 0/1 14:33 4:05 0:00
Philipp Kurashev 0 0 0 -1 0 6 0 0 1 0 0/0 11:48 0:00 0:00
Quinn Hughes 0 0 0 -3 0 2 1 0 0 1 0/0 22:36 3:39 2:57
Tim Stutzle 1 0 1 -2 0 4 1 1 0 0 16/23 15:25 4:05 0:20
Victor Hedman 0 0 0 -1 0 2 1 1 0 0 0/0 24:02 4:05 3:10
Vince Dunn 0 0 0 1 0 1 1 0 0 0 0/0 13:22 0:52 0:00
Zach Whitecloud 0 0 0 1 0 0 2 1 0 1 0/0 13:22 0:52 0:00
3 Stars
1 - Mikko Rantanen (VAN)
2 - Clayton Keller (VAN)
3 - Casey Mittelstadt (VAN)
Power Play
Vancouver Canucks - 1 on 4 Attempt(s) - 25.00%
Colorado Rockies - 1 on 5 Attempt(s) - 20.00%
Penalty Kill
Vancouver Canucks - 4 on 5 Attempt(s) - 80.00%
- Score 0 goal in Penalty Kill
Colorado Rockies - 3 on 4 Attempt(s) - 75.00%
- Score 0 goal in Penalty Kill
Team Stat
Vancouver Canucks - Hits : 16 - Faceoff Wins : 41 - Blocked Shots : 11 - Penalty Minutes : 10
Colorado Rockies - Hits : 25 - Faceoff Wins : 24 - Blocked Shots : 7 - Penalty Minutes : 8
Official
Referees : Trevor Hanson and Furman South
Linesman : Mitchell Hunt and Ryan Jackson
Game Notes
No Game Note
Finance
Level 1 -- Attendance: 5005 (83.42%) -- Ticket Income $450,450
Level 2 -- Attendance: 4702 (94.04%) -- Ticket Income $258,610
Level 3 -- Attendance: 2364 (78.80%) -- Ticket Income $82,740
Level 4 -- Attendance: 3710 (74.20%) -- Ticket Income $92,750
Luxury Box -- Attendance: 836 (83.60%) -- Ticket Income $146,300
Game was played at the Pepsi Center.
Total Attendance: 16617 (83.09%)
Total Ticket Income: $1,030,850
Other Income: $360,798
Total Income: $1,391,648
Vancouver Canucks
5 vs 5 Forward
Center Left Wing Right Wing Time % Phy DF OF
1 Clayton Keller Artturi Lehkonen Mikko Rantanen 37 1 1 3
2 Aleksander Barkov Connor Zary Anton Lundell 28 1 2 2
3 Sean Couturier Jesperi Kotkaniemi Bobby McMann 21 1 2 2
4 Casey Mittelstadt Matias Maccelli Brett Leason 14 1 3 1
5 vs 5 Defense
Defense Defense Time % Phy DF OF
1 Noah Hanifin Miro Heiskanen 30 1 2 2
2 Ryan McDonagh Joel Hanley 30 1 2 2
3 Jake Bean Emil Martinsen Lilleberg 25 1 2 2
4 Noah Hanifin Miro Heiskanen 15 1 2 2
PowerPlay Forward
Center Left Wing Right Wing Time % Phy DF OF
1 Aleksander Barkov Clayton Keller Mikko Rantanen 50 0 1 4
2 Casey Mittelstadt Connor Zary Artturi Lehkonen 50 0 1 4
PowerPlay Defense
Defense Defense Time % Phy DF OF
1 Noah Hanifin Miro Heiskanen 50 0 1 4
2 Ryan McDonagh Joel Hanley 50 0 1 4
Penalty Kill 4 Players Forward
Center Wing Time % Phy DF OF
1 Anton Lundell Brett Leason 50 1 2 2
2 Aleksander Barkov Artturi Lehkonen 50 1 2 2
Penalty Kill 4 Players Defense
Defense Defense Time % Phy DF OF
1 Ryan McDonagh Joel Hanley 50 1 2 2
2 Noah Hanifin Miro Heiskanen 50 1 2 2
Penalty Kill - 3 Players Forward
Forward Time % Phy DF OF
1 Anton Lundell 50 1 2 2
2 Brett Leason 50 1 2 2
Penalty Kill - 3 Players Defense
Defense Defense Time % Phy DF OF
1 Ryan McDonagh Joel Hanley 50 1 2 2
2 Noah Hanifin Miro Heiskanen 50 1 2 2
4 vs 4 Forward
Center Wing Time % Phy DF OF
1 Aleksander Barkov Mikko Rantanen 50 1 2 2
2 Clayton Keller Artturi Lehkonen 50 1 2 2
4 vs 4 Defense
Defense Defense Time % Phy DF OF
1 Noah Hanifin Miro Heiskanen 50 1 2 2
2 Ryan McDonagh Joel Hanley 50 1 2 2
Last Minutes Offensive
Center Left Wing Right Wing Defense Defense
Aleksander Barkov Clayton Keller Mikko Rantanen Noah Hanifin Miro Heiskanen
Last Minutes Defensive
Center Left Wing Right Wing Defense Defense
Anton Lundell Artturi Lehkonen Brett Leason Ryan McDonagh Joel Hanley
Goaltenders
Starting : Cam Talbot
Backup : Justus Annunen
Extra Forwards
Normal : Mikko Rantanen, Artturi Lehkonen, Clayton Keller - PP : Mikko Rantanen, Clayton Keller - PK : Anton Lundell
Extra Defensemen
Normal : Miro Heiskanen, Noah Hanifin, Ryan McDonagh - PP : Miro Heiskanen - PK : Ryan McDonagh, Joel Hanley
Penalty Shots
Aleksander Barkov, Anton Lundell, Artturi Lehkonen, Jesperi Kotkaniemi, Noah Hanifin
Scratches
Ty Dellandrea (Healthy), Jacob Bernard-Docker (Healthy), Eemil Viro (Healthy), Jacob Bryson (Healthy)
Colorado Rockies
5 vs 5 Forward
Center Left Wing Right Wing Time % Phy DF OF
1 Tim Stutzle Kyle Connor Nikita Kucherov 25 0 0 5
2 Kyle Palmieri Jesper Bratt David Pastrnak 25 1 2 2
3 Nick Schmaltz Michael Bunting Kevin Hayes 25 1 2 2
4 Evgeny Kuznetsov Nick Bonino Philipp Kurashev 25 5 0 0
5 vs 5 Defense
Defense Defense Time % Phy DF OF
1 Victor Hedman Martin Fehervary 30 1 2 2
2 Quinn Hughes Andrew Peeke 30 1 2 2
3 Vince Dunn Zach Whitecloud 25 1 2 2
4 Victor Hedman Martin Fehervary 15 1 2 2
PowerPlay Forward
Center Left Wing Right Wing Time % Phy DF OF
1 Tim Stutzle Kyle Connor Nikita Kucherov 50 1 2 2
2 Kyle Palmieri Jesper Bratt David Pastrnak 50 1 2 2
PowerPlay Defense
Defense Defense Time % Phy DF OF
1 Victor Hedman Martin Fehervary 50 1 2 2
2 Quinn Hughes Andrew Peeke 50 1 2 2
Penalty Kill 4 Players Forward
Center Wing Time % Phy DF OF
1 Nick Schmaltz Michael Bunting 50 1 2 2
2 Kevin Hayes Kyle Connor 50 1 2 2
Penalty Kill 4 Players Defense
Defense Defense Time % Phy DF OF
1 Victor Hedman Martin Fehervary 50 1 2 2
2 Quinn Hughes Andrew Peeke 50 1 2 2
Penalty Kill - 3 Players Forward
Forward Time % Phy DF OF
1 Kevin Hayes 50 1 2 2
2 Nick Schmaltz 50 1 2 2
Penalty Kill - 3 Players Defense
Defense Defense Time % Phy DF OF
1 Victor Hedman Martin Fehervary 50 1 2 2
2 Quinn Hughes Andrew Peeke 50 1 2 2
4 vs 4 Forward
Center Wing Time % Phy DF OF
1 Tim Stutzle Nikita Kucherov 50 1 2 2
2 Kyle Palmieri Kyle Connor 50 1 2 2
4 vs 4 Defense
Defense Defense Time % Phy DF OF
1 Victor Hedman Martin Fehervary 50 1 2 2
2 Quinn Hughes Andrew Peeke 50 1 2 2
Last Minutes Offensive
Center Left Wing Right Wing Defense Defense
Tim Stutzle Kyle Connor Nikita Kucherov Victor Hedman Martin Fehervary
Last Minutes Defensive
Center Left Wing Right Wing Defense Defense
Tim Stutzle Kyle Connor Nikita Kucherov Victor Hedman Martin Fehervary
Goaltenders
Starting : Joey Daccord
Backup : Daniil Tarasov
Extra Forwards
Normal : Evgeny Kuznetsov, Nick Schmaltz, Michael Bunting - PP : Evgeny Kuznetsov, Nick Schmaltz - PK : Michael Bunting
Extra Defensemen
Normal : Vince Dunn, Zach Whitecloud, Quinn Hughes - PP : Vince Dunn - PK : Zach Whitecloud, Quinn Hughes
Penalty Shots
Nikita Kucherov, Tim Stutzle, David Pastrnak, Kyle Connor, Jesper Bratt
Scratches
Timothy Liljegren (Healthy)
% Time on Ice - Vancouver Canucks
Lines # - Real PCT - Wanted PCT - Time Play
Normal Forward
1 - 38% - 37% - 17:13
2 - 27% - 28% - 12:01
3 - 21% - 21% - 9:30
4 - 14% - 14% - 6:33
Normal Defense
1 - 29% - 30% - 13:11
2 - 29% - 30% - 13:21
3 - 30% - 25% - 13:31
4 - 12% - 15% - 5:14
PP Forward
1 - 49% - 50% - 3:01
2 - 51% - 50% - 3:06
PP Defense
1 - 45% - 50% - 2:46
2 - 55% - 50% - 3:21
PK Forward
1 - 62% - 50% - 5:18
2 - 38% - 50% - 3:18
PK Defense
1 - 47% - 50% - 4:02
2 - 53% - 50% - 4:34
PK3 Forward
1 - 0% - 50%
2 - 0% - 50%
PK3 Defense
1 - 0% - 50%
2 - 0% - 50%
44 Forward
1 - 0% - 50%
2 - 0% - 50%
44 Defense
1 - 0% - 50%
2 - 0% - 50%
Last Minute Offensive - 0:00
Last Minute Defensive - 0:00
Total
Forward - 60:00
Defense - 60:00
|
% Time on Ice - Colorado Rockies
Lines # - Real PCT - Wanted PCT - Time Play
Normal Forward
1 - 24% - 25% - 10:46
2 - 24% - 25% - 10:47
3 - 26% - 25% - 11:56
4 - 26% - 25% - 11:48
Normal Defense
1 - 28% - 30% - 12:31
2 - 35% - 30% - 16:00
3 - 28% - 25% - 12:30
4 - 9% - 15% - 4:16
PP Forward
1 - 48% - 50% - 4:10
2 - 52% - 50% - 4:26
PP Defense
1 - 58% - 50% - 4:57
2 - 42% - 50% - 3:39
PK Forward
1 - 47% - 50% - 2:51
2 - 53% - 50% - 3:16
PK Defense
1 - 52% - 50% - 3:10
2 - 48% - 50% - 2:57
PK3 Forward
1 - 0% - 50%
2 - 0% - 50%
PK3 Defense
1 - 0% - 50%
2 - 0% - 50%
44 Forward
1 - 0% - 50%
2 - 0% - 50%
44 Defense
1 - 0% - 50%
2 - 0% - 50%
Last Minute Offensive - 0:00
Last Minute Defensive - 0:00
Total
Forward - 60:00
Defense - 60:00
|
Play-by-Play
1st period
0:01 of 1st period - Clayton Keller wins face-off versus Tim Stutzle in neutral zone.
0:04 of 1st period - Snap shot by Mikko Rantanen.
0:04 of 1st period - Goal by Mikko Rantanen - Vancouver Canucks : 1 - Colorado Rockies : 0.
0:05 of 1st period - Aleksander Barkov wins face-off versus Kyle Palmieri in neutral zone.
0:12 of 1st period - Snap shot by Aleksander Barkov.
0:12 of 1st period - Stopped by Joey Daccord with a rebound.
0:18 of 1st period - Snap shot by Aleksander Barkov.
0:18 of 1st period - Shot Blocked by Andrew Peeke.
0:43 of 1st period - Joel Hanley is hit by Andrew Peeke and loses puck.
1:22 of 1st period - Backhand shot by Kyle Connor.
1:22 of 1st period - Deflect By Tim Stutzle.
1:22 of 1st period - Stopped by Cam Talbot without a rebound.
1:23 of 1st period - Tim Stutzle wins face-off versus Aleksander Barkov in Vancouver Canucks zone.
1:31 of 1st period - Minor Penalty to Anton Lundell for Holding.
1:32 of 1st period - Casey Mittelstadt wins face-off versus Tim Stutzle in Vancouver Canucks zone.
1:42 of 1st period - Wrist shot by Casey Mittelstadt.
1:42 of 1st period - Stopped by Joey Daccord with a rebound.
1:44 of 1st period - Slapshot by Miro Heiskanen.
1:44 of 1st period - Stopped by Joey Daccord without a rebound.
1:45 of 1st period - Aleksander Barkov wins face-off versus Kyle Palmieri in Colorado Rockies zone.
2:16 of 1st period - Wrist shot by Casey Mittelstadt.
2:16 of 1st period - Shot Blocked by Tim Stutzle.
3:31 of 1st period - Penalty to Anton Lundell is over, Anton Lundell is back on ice.
3:43 of 1st period - Snap shot by Casey Mittelstadt.
3:43 of 1st period - Stopped by Joey Daccord without a rebound.
3:44 of 1st period - Sean Couturier wins face-off versus Evgeny Kuznetsov in Colorado Rockies zone.
3:47 of 1st period - Snap shot by Bobby McMann.
3:47 of 1st period - Shot Blocked by Zach Whitecloud.
3:49 of 1st period - Slapshot by Emil Martinsen Lilleberg.
3:49 of 1st period - Stopped by Joey Daccord without a rebound.
3:50 of 1st period - Sean Couturier wins face-off versus Tim Stutzle in Colorado Rockies zone.
4:03 of 1st period - Slapshot by Nikita Kucherov.
4:03 of 1st period - Shot Misses the Net.
4:17 of 1st period - Emil Martinsen Lilleberg is hit by David Pastrnak.
5:18 of 1st period - Wrist shot by Tim Stutzle.
5:18 of 1st period - Deflect By Miro Heiskanen.
5:18 of 1st period - Shot Misses the Net.
5:18 of 1st period - Puck is out of play.
5:19 of 1st period - Tim Stutzle wins face-off versus Sean Couturier in Vancouver Canucks zone.
5:20 of 1st period - Wrist shot by Nikita Kucherov.
5:20 of 1st period - Shot Misses the Net.
5:30 of 1st period - Backhand shot by Nikita Kucherov.
5:30 of 1st period - Shot Blocked by Ryan McDonagh.
5:32 of 1st period - Slapshot by Martin Fehervary.
5:32 of 1st period - Shot Blocked by Jesperi Kotkaniemi.
5:34 of 1st period - Slapshot by Martin Fehervary.
5:34 of 1st period - Stopped by Cam Talbot with a rebound.
6:17 of 1st period - Wrist shot by Anton Lundell.
6:17 of 1st period - Shot Blocked by Victor Hedman.
6:32 of 1st period - Off-side.
6:33 of 1st period - Clayton Keller wins face-off versus Nick Schmaltz in neutral zone.
6:38 of 1st period - Clayton Keller is hit by Vince Dunn and loses puck.
7:25 of 1st period - Aleksander Barkov is hit by Zach Whitecloud and loses puck.
7:52 of 1st period - Snap shot by Tim Stutzle.
7:52 of 1st period - Stopped by Cam Talbot without a rebound.
7:53 of 1st period - Clayton Keller wins face-off versus Evgeny Kuznetsov in Vancouver Canucks zone.
8:05 of 1st period - Wrist shot by Philipp Kurashev.
8:05 of 1st period - Stopped by Cam Talbot with a rebound.
8:19 of 1st period - Connor Zary is hit by Nikita Kucherov and loses puck.
9:04 of 1st period - Wrist shot by Brett Leason.
9:04 of 1st period - Goal by Brett Leason - Vancouver Canucks : 2 - Colorado Rockies : 0.
9:05 of 1st period - Clayton Keller wins face-off versus Evgeny Kuznetsov in neutral zone.
9:12 of 1st period - Snap shot by Clayton Keller.
9:12 of 1st period - Stopped by Joey Daccord with a rebound.
9:14 of 1st period - Slapshot by Miro Heiskanen.
9:14 of 1st period - Stopped by Joey Daccord with a rebound.
9:16 of 1st period - Snap shot by Clayton Keller.
9:16 of 1st period - Stopped by Joey Daccord with a rebound.
9:18 of 1st period - Slapshot by Artturi Lehkonen.
9:18 of 1st period - Shot Misses the Net.
9:22 of 1st period - Wrist shot by Clayton Keller.
9:22 of 1st period - Stopped by Joey Daccord without a rebound.
9:23 of 1st period - Aleksander Barkov wins face-off versus Nick Schmaltz in Colorado Rockies zone.
9:24 of 1st period - Wrist shot by Anton Lundell.
9:24 of 1st period - Shot Misses the Net.
9:26 of 1st period - Slapshot by Noah Hanifin.
9:26 of 1st period - Stopped by Joey Daccord with a rebound.
9:34 of 1st period - Aleksander Barkov is hit by Kevin Hayes and loses puck.
9:49 of 1st period - Nikita Kucherov is hit by Miro Heiskanen and loses puck.
10:12 of 1st period - Slapshot by Philipp Kurashev.
10:12 of 1st period - Shot Misses the Net.
10:20 of 1st period - Snap shot by Philipp Kurashev.
10:20 of 1st period - Stopped by Cam Talbot without a rebound.
10:21 of 1st period - Aleksander Barkov wins face-off versus Kyle Palmieri in Vancouver Canucks zone.
10:21 of 1st period - Aleksander Barkov is hit by David Pastrnak.
10:38 of 1st period - Minor Penalty to Anton Lundell for Unsportsmanlike conduct.
10:39 of 1st period - Aleksander Barkov wins face-off versus Jesper Bratt in Vancouver Canucks zone.
11:05 of 1st period - Ryan McDonagh is hit by Tim Stutzle and loses puck.
11:10 of 1st period - Snap shot by Nikita Kucherov.
11:10 of 1st period - Stopped by Cam Talbot without a rebound.
11:11 of 1st period - Tim Stutzle wins face-off versus Casey Mittelstadt in Vancouver Canucks zone.
11:18 of 1st period - Slapshot by Tim Stutzle.
11:18 of 1st period - Goal by Tim Stutzle - Vancouver Canucks : 2 - Colorado Rockies : 1.
11:19 of 1st period - Clayton Keller wins face-off versus Nick Schmaltz in neutral zone.
12:34 of 1st period - Slapshot by Casey Mittelstadt.
12:34 of 1st period - Stopped by Joey Daccord with a rebound.
13:18 of 1st period - Snap shot by Anton Lundell.
13:18 of 1st period - Shot Misses the Net.
13:20 of 1st period - Slapshot by Noah Hanifin.
13:20 of 1st period - Stopped by Joey Daccord without a rebound.
13:21 of 1st period - Tim Stutzle wins face-off versus Clayton Keller in Colorado Rockies zone.
13:25 of 1st period - Off-side.
13:26 of 1st period - Tim Stutzle wins face-off versus Clayton Keller in neutral zone.
13:33 of 1st period - Wrist shot by Tim Stutzle.
13:33 of 1st period - Shot Misses the Net.
14:46 of 1st period - Wrist shot by Philipp Kurashev.
14:46 of 1st period - Stopped by Cam Talbot with a rebound.
14:48 of 1st period - Slapshot by Victor Hedman.
14:48 of 1st period - Stopped by Cam Talbot without a rebound.
14:49 of 1st period - Mikko Rantanen wins face-off versus Tim Stutzle in Vancouver Canucks zone.
14:56 of 1st period - Nikita Kucherov is hit by Artturi Lehkonen and loses puck.
15:57 of 1st period - Andrew Peeke is hit by Brett Leason and loses puck.
16:04 of 1st period - Kyle Connor is hit by Casey Mittelstadt and loses puck.
16:21 of 1st period - Snap shot by Nick Schmaltz.
16:21 of 1st period - Stopped by Cam Talbot without a rebound.
16:22 of 1st period - Clayton Keller wins face-off versus Nick Schmaltz in Vancouver Canucks zone.
16:27 of 1st period - Snap shot by Mikko Rantanen.
16:27 of 1st period - Stopped by Joey Daccord with a rebound.
16:33 of 1st period - Snap shot by Michael Bunting.
16:33 of 1st period - Stopped by Cam Talbot with a rebound.
16:35 of 1st period - Slapshot by Zach Whitecloud.
16:35 of 1st period - Shot Blocked by Clayton Keller.
16:45 of 1st period - Wrist shot by Nick Schmaltz.
16:45 of 1st period - Goal by Nick Schmaltz - Vancouver Canucks : 2 - Colorado Rockies : 2.
16:46 of 1st period - Evgeny Kuznetsov wins face-off versus Clayton Keller in neutral zone.
17:17 of 1st period - Snap shot by Aleksander Barkov.
17:17 of 1st period - Shot Misses the Net.
17:19 of 1st period - Backhand shot by Ryan McDonagh.
17:19 of 1st period - Stopped by Joey Daccord with a rebound.
18:18 of 1st period - Victor Hedman is hit by Brett Leason and loses puck.
18:51 of 1st period - Snap shot by Casey Mittelstadt.
18:51 of 1st period - Shot Misses the Net.
19:13 of 1st period - Slapshot by Brett Leason.
19:13 of 1st period - Deflect By Casey Mittelstadt.
19:13 of 1st period - Shot Hit the Post.
19:13 of 1st period - Puck is out of play.
19:14 of 1st period - Mikko Rantanen wins face-off versus Tim Stutzle in Colorado Rockies zone.
19:17 of 1st period - Snap shot by Clayton Keller.
19:17 of 1st period - Goal by Clayton Keller - Vancouver Canucks : 3 - Colorado Rockies : 2.
19:18 of 1st period - Tim Stutzle wins face-off versus Artturi Lehkonen in neutral zone.
19:27 of 1st period - Wrist shot by Nikita Kucherov.
19:27 of 1st period - Shot Misses the Net.
19:29 of 1st period - Slapshot by Quinn Hughes.
19:29 of 1st period - Shot Blocked by Noah Hanifin.
19:31 of 1st period - Wrist shot by Nikita Kucherov.
19:31 of 1st period - Shot Misses the Net.
19:33 of 1st period - Backhand shot by Andrew Peeke.
19:33 of 1st period - Deflect By Tim Stutzle.
19:33 of 1st period - Stopped by Cam Talbot without a rebound.
19:34 of 1st period - Aleksander Barkov wins face-off versus Evgeny Kuznetsov in Vancouver Canucks zone.
Goals for this period are 3 for Vancouver Canucks vs 2 for Colorado Rockies.
Shots for this period are 17 for Vancouver Canucks vs 13 for Colorado Rockies.
2nd period
0:01 of 2nd period - Clayton Keller wins face-off versus Nick Schmaltz in neutral zone.
0:33 of 2nd period - Wrist shot by Nikita Kucherov.
0:33 of 2nd period - Stopped by Cam Talbot without a rebound.
0:34 of 2nd period - Sean Couturier wins face-off versus Tim Stutzle in Vancouver Canucks zone.
0:51 of 2nd period - Snap shot by Nikita Kucherov.
0:51 of 2nd period - Stopped by Cam Talbot without a rebound.
0:52 of 2nd period - Artturi Lehkonen wins face-off versus Evgeny Kuznetsov in Vancouver Canucks zone.
1:19 of 2nd period - Connor Zary is hit by Andrew Peeke and loses puck.
1:26 of 2nd period - Slapshot by Quinn Hughes.
1:26 of 2nd period - Stopped by Cam Talbot without a rebound.
1:27 of 2nd period - Jesperi Kotkaniemi wins face-off versus Kyle Connor in Vancouver Canucks zone.
1:40 of 2nd period - Snap shot by Sean Couturier.
1:40 of 2nd period - Shot Misses the Net.
1:42 of 2nd period - Slapshot by Jake Bean.
1:42 of 2nd period - Deflect By Kyle Connor.
1:42 of 2nd period - Stopped by Joey Daccord with a rebound.
2:43 of 2nd period - Snap shot by David Pastrnak.
2:43 of 2nd period - Shot Blocked by Noah Hanifin.
2:45 of 2nd period - Slapshot by David Pastrnak.
2:45 of 2nd period - Stopped by Cam Talbot without a rebound.
2:46 of 2nd period - Tim Stutzle wins face-off versus Clayton Keller in Vancouver Canucks zone.
3:13 of 2nd period - Noah Hanifin is hit by Michael Bunting and loses puck.
3:36 of 2nd period - Slapshot by Victor Hedman.
3:36 of 2nd period - Stopped by Cam Talbot without a rebound.
3:37 of 2nd period - Sean Couturier wins face-off versus Nick Bonino in Vancouver Canucks zone.
3:45 of 2nd period - Off-side.
3:46 of 2nd period - Clayton Keller wins face-off versus Evgeny Kuznetsov in neutral zone.
3:51 of 2nd period - Snap shot by Mikko Rantanen.
3:51 of 2nd period - Shot Misses the Net.
3:59 of 2nd period - Snap shot by Clayton Keller.
3:59 of 2nd period - Shot Misses the Net.
4:01 of 2nd period - Slapshot by Miro Heiskanen.
4:01 of 2nd period - Stopped by Joey Daccord without a rebound.
4:02 of 2nd period - Tim Stutzle wins face-off versus Aleksander Barkov in Colorado Rockies zone.
4:17 of 2nd period - Slapshot by Anton Lundell.
4:17 of 2nd period - Stopped by Joey Daccord without a rebound.
4:18 of 2nd period - Nick Schmaltz wins face-off versus Clayton Keller in Colorado Rockies zone.
4:24 of 2nd period - Icing by Mikko Rantanen.
4:25 of 2nd period - Nick Schmaltz wins face-off versus Clayton Keller in Vancouver Canucks zone.
4:36 of 2nd period - Snap shot by Nick Schmaltz.
4:36 of 2nd period - Deflect By Michael Bunting.
4:36 of 2nd period - Shot Blocked by Artturi Lehkonen.
4:36 of 2nd period - Puck is out of play.
4:37 of 2nd period - Clayton Keller wins face-off versus Evgeny Kuznetsov in Vancouver Canucks zone.
4:42 of 2nd period - Slapshot by Noah Hanifin.
4:42 of 2nd period - Stopped by Joey Daccord without a rebound.
4:43 of 2nd period - Artturi Lehkonen wins face-off versus Evgeny Kuznetsov in Colorado Rockies zone.
4:46 of 2nd period - Snap shot by Mikko Rantanen.
4:46 of 2nd period - Goal by Mikko Rantanen - Vancouver Canucks : 4 - Colorado Rockies : 2.
4:47 of 2nd period - Clayton Keller wins face-off versus Nikita Kucherov in neutral zone.
5:14 of 2nd period - Anton Lundell is hit by Michael Bunting and loses puck.
5:36 of 2nd period - Wrist shot by Philipp Kurashev.
5:36 of 2nd period - Stopped by Cam Talbot without a rebound.
5:37 of 2nd period - Sean Couturier wins face-off versus Evgeny Kuznetsov in Vancouver Canucks zone.
5:52 of 2nd period - Philipp Kurashev is hit by Bobby McMann and loses puck.
6:01 of 2nd period - Evgeny Kuznetsov is hit by Joel Hanley and loses puck.
6:28 of 2nd period - Jesperi Kotkaniemi is hit by Zach Whitecloud and loses puck.
6:41 of 2nd period - Wrist shot by Zach Whitecloud.
6:41 of 2nd period - Shot Misses the Net.
6:49 of 2nd period - Wrist shot by Philipp Kurashev.
6:49 of 2nd period - Stopped by Cam Talbot without a rebound.
6:50 of 2nd period - Clayton Keller wins face-off versus Kyle Palmieri in Vancouver Canucks zone.
6:50 of 2nd period - Clayton Keller is hit by David Pastrnak.
7:12 of 2nd period - Minor Penalty to Kyle Palmieri for Tripping.
7:13 of 2nd period - Nick Schmaltz wins face-off versus Aleksander Barkov in Colorado Rockies zone.
7:46 of 2nd period - Wrist shot by Michael Bunting.
7:46 of 2nd period - Stopped by Cam Talbot with a rebound.
9:12 of 2nd period - Penalty to Kyle Palmieri is over, Kyle Palmieri is back on ice.
11:00 of 2nd period - Wrist shot by Casey Mittelstadt.
11:00 of 2nd period - Stopped by Joey Daccord without a rebound.
11:01 of 2nd period - Brett Leason wins face-off versus Kyle Palmieri in Colorado Rockies zone.
11:24 of 2nd period - Icing by Clayton Keller.
11:25 of 2nd period - Clayton Keller wins face-off versus Evgeny Kuznetsov in Vancouver Canucks zone.
11:54 of 2nd period - Backhand shot by Clayton Keller.
11:54 of 2nd period - Shot Misses the Net.
12:14 of 2nd period - Slapshot by Mikko Rantanen.
12:14 of 2nd period - Stopped by Joey Daccord with a rebound.
12:16 of 2nd period - Snap shot by Aleksander Barkov.
12:16 of 2nd period - Shot Misses the Net.
12:18 of 2nd period - Wrist shot by Connor Zary.
12:18 of 2nd period - Shot Misses the Net.
12:20 of 2nd period - Wrist shot by Anton Lundell.
12:20 of 2nd period - Shot Misses the Net.
12:22 of 2nd period - Slapshot by Anton Lundell.
12:22 of 2nd period - Stopped by Joey Daccord without a rebound.
12:23 of 2nd period - Anton Lundell wins face-off versus Kyle Palmieri in Colorado Rockies zone.
12:26 of 2nd period - Slapshot by Connor Zary.
12:26 of 2nd period - Stopped by Joey Daccord without a rebound.
12:27 of 2nd period - Connor Zary wins face-off versus Kyle Palmieri in Colorado Rockies zone.
12:28 of 2nd period - Snap shot by Aleksander Barkov.
12:28 of 2nd period - Shot Misses the Net.
12:30 of 2nd period - Minor Penalty to David Pastrnak for Cross-checking.
12:31 of 2nd period - Casey Mittelstadt wins face-off versus Nick Schmaltz in Colorado Rockies zone.
14:30 of 2nd period - Penalty to David Pastrnak is over, David Pastrnak is back on ice.
14:38 of 2nd period - Vince Dunn is hit by Jesperi Kotkaniemi and loses puck.
15:34 of 2nd period - Joel Hanley is hit by Nick Schmaltz and loses puck.
15:55 of 2nd period - Matias Maccelli is hit by David Pastrnak and loses puck.
16:32 of 2nd period - Nick Schmaltz is hit by Joel Hanley and loses puck.
17:26 of 2nd period - Minor Penalty to Evgeny Kuznetsov for Tripping.
17:27 of 2nd period - Casey Mittelstadt wins face-off versus Nick Schmaltz in Colorado Rockies zone.
19:26 of 2nd period - Penalty to Evgeny Kuznetsov is over, Evgeny Kuznetsov is back on ice.
19:43 of 2nd period - Snap shot by Sean Couturier.
19:43 of 2nd period - Stopped by Joey Daccord with a rebound.
19:45 of 2nd period - Backhand shot by Jesperi Kotkaniemi.
19:45 of 2nd period - Stopped by Joey Daccord with a rebound.
19:47 of 2nd period - Slapshot by Joel Hanley.
19:47 of 2nd period - Shot Misses the Net.
19:56 of 2nd period - Off-side.
19:57 of 2nd period - Casey Mittelstadt wins face-off versus Kyle Palmieri in neutral zone.
Goals for this period are 1 for Vancouver Canucks vs 0 for Colorado Rockies.
Shots for this period are 11 for Vancouver Canucks vs 8 for Colorado Rockies.
3rd period
0:01 of 3rd period - Nick Schmaltz wins face-off versus Clayton Keller in neutral zone.
0:26 of 3rd period - Tim Stutzle is hit by Aleksander Barkov and loses puck.
0:35 of 3rd period - Snap shot by Anton Lundell.
0:35 of 3rd period - Stopped by Joey Daccord with a rebound.
0:37 of 3rd period - Wrist shot by Anton Lundell.
0:37 of 3rd period - Stopped by Joey Daccord with a rebound.
0:53 of 3rd period - Wrist shot by David Pastrnak.
0:53 of 3rd period - Shot Misses the Net.
0:55 of 3rd period - Slapshot by Martin Fehervary.
0:55 of 3rd period - Stopped by Cam Talbot with a rebound.
0:57 of 3rd period - Snap shot by Martin Fehervary.
0:57 of 3rd period - Stopped by Cam Talbot without a rebound.
0:58 of 3rd period - Nick Schmaltz wins face-off versus Clayton Keller in Vancouver Canucks zone.
1:15 of 3rd period - Slapshot by Artturi Lehkonen.
1:15 of 3rd period - Stopped by Joey Daccord with a rebound.
1:23 of 3rd period - Minor Penalty to Michael Bunting for Tripping.
1:24 of 3rd period - Casey Mittelstadt wins face-off versus Nick Schmaltz in Colorado Rockies zone.
1:25 of 3rd period - Wrist shot by Connor Zary.
1:25 of 3rd period - Stopped by Joey Daccord with a rebound.
1:27 of 3rd period - Wrist shot by Artturi Lehkonen.
1:27 of 3rd period - Stopped by Joey Daccord with a rebound.
1:33 of 3rd period - Wrist shot by Casey Mittelstadt.
1:33 of 3rd period - Goal by Casey Mittelstadt - Vancouver Canucks : 5 - Colorado Rockies : 2.
1:34 of 3rd period - Tim Stutzle wins face-off versus Clayton Keller in neutral zone.
1:42 of 3rd period - Off-side.
1:43 of 3rd period - Tim Stutzle wins face-off versus Clayton Keller in neutral zone.
1:52 of 3rd period - Slapshot by Miro Heiskanen.
1:52 of 3rd period - Shot Misses the Net.
1:54 of 3rd period - Wrist shot by Mikko Rantanen.
1:54 of 3rd period - Stopped by Joey Daccord without a rebound.
1:55 of 3rd period - Clayton Keller wins face-off versus Nick Schmaltz in Colorado Rockies zone.
2:56 of 3rd period - Wrist shot by Bobby McMann.
2:56 of 3rd period - Shot Misses the Net.
3:11 of 3rd period - Wrist shot by Mikko Rantanen.
3:11 of 3rd period - Shot Misses the Net.
3:13 of 3rd period - Snap shot by Jake Bean.
3:13 of 3rd period - Deflect By Mikko Rantanen.
3:13 of 3rd period - Stopped by Joey Daccord without a rebound.
3:14 of 3rd period - Nick Schmaltz wins face-off versus Aleksander Barkov in Colorado Rockies zone.
3:14 of 3rd period - Nick Schmaltz is hit by Aleksander Barkov.
3:36 of 3rd period - Minor Penalty to Anton Lundell for Holding.
3:37 of 3rd period - Kyle Palmieri wins face-off versus Casey Mittelstadt in Vancouver Canucks zone.
3:52 of 3rd period - Aleksander Barkov is hit by David Pastrnak.
4:34 of 3rd period - Ryan McDonagh is hit by Kyle Palmieri and loses puck.
5:01 of 3rd period - Noah Hanifin is hit by David Pastrnak.
5:36 of 3rd period - Penalty to Anton Lundell is over, Anton Lundell is back on ice.
5:36 of 3rd period - Icing by Quinn Hughes.
5:37 of 3rd period - Clayton Keller wins face-off versus Kyle Palmieri in Colorado Rockies zone.
5:52 of 3rd period - Mikko Rantanen is hit by Kyle Palmieri and loses puck.
5:59 of 3rd period - Slapshot by Quinn Hughes.
5:59 of 3rd period - Stopped by Cam Talbot with a rebound.
6:05 of 3rd period - Wrist shot by Aleksander Barkov.
6:05 of 3rd period - Shot Blocked by Andrew Peeke.
6:07 of 3rd period - Wrist shot by Aleksander Barkov.
6:07 of 3rd period - Stopped by Joey Daccord with a rebound.
6:23 of 3rd period - Snap shot by David Pastrnak.
6:23 of 3rd period - Shot Misses the Net.
6:29 of 3rd period - Ryan McDonagh is hit by Michael Bunting and loses puck.
7:28 of 3rd period - Wrist shot by Anton Lundell.
7:28 of 3rd period - Shot Misses the Net.
7:38 of 3rd period - Slapshot by Bobby McMann.
7:38 of 3rd period - Stopped by Joey Daccord without a rebound.
7:39 of 3rd period - Tim Stutzle wins face-off versus Sean Couturier in Colorado Rockies zone.
8:06 of 3rd period - Wrist shot by Clayton Keller.
8:06 of 3rd period - Shot Blocked by Martin Fehervary.
8:08 of 3rd period - Snap shot by Artturi Lehkonen.
8:08 of 3rd period - Stopped by Joey Daccord without a rebound.
8:09 of 3rd period - Clayton Keller wins face-off versus Evgeny Kuznetsov in Colorado Rockies zone.
8:14 of 3rd period - Wrist shot by Clayton Keller.
8:14 of 3rd period - Shot Misses the Net.
8:58 of 3rd period - Wrist shot by Philipp Kurashev.
8:58 of 3rd period - Stopped by Cam Talbot with a rebound.
9:04 of 3rd period - Snap shot by Mikko Rantanen.
9:04 of 3rd period - Stopped by Joey Daccord without a rebound.
9:05 of 3rd period - Tim Stutzle wins face-off versus Aleksander Barkov in Colorado Rockies zone.
9:14 of 3rd period - Slapshot by Nikita Kucherov.
9:14 of 3rd period - Stopped by Cam Talbot without a rebound.
9:15 of 3rd period - Aleksander Barkov wins face-off versus Tim Stutzle in Vancouver Canucks zone.
9:20 of 3rd period - Tim Stutzle is hit by Connor Zary.
10:02 of 3rd period - Minor Penalty to Anton Lundell for Slashing.
10:03 of 3rd period - Aleksander Barkov wins face-off versus Kyle Palmieri in Vancouver Canucks zone.
10:03 of 3rd period - Aleksander Barkov is hit by Quinn Hughes.
12:02 of 3rd period - Penalty to Anton Lundell is over, Anton Lundell is back on ice.
12:03 of 3rd period - Casey Mittelstadt is hit by Evgeny Kuznetsov and loses puck.
12:08 of 3rd period - Wrist shot by Kevin Hayes.
12:08 of 3rd period - Shot Blocked by Joel Hanley.
12:26 of 3rd period - Zach Whitecloud is hit by Joel Hanley and loses puck.
12:59 of 3rd period - Wrist shot by Vince Dunn.
12:59 of 3rd period - Deflect By Bobby McMann.
12:59 of 3rd period - Stopped by Cam Talbot with a rebound.
13:01 of 3rd period - Backhand shot by Vince Dunn.
13:01 of 3rd period - Shot Misses the Net.
13:32 of 3rd period - Miro Heiskanen is hit by Victor Hedman and loses puck.
14:26 of 3rd period - Nick Schmaltz is hit by Connor Zary and loses puck.
14:37 of 3rd period - Andrew Peeke is hit by Bobby McMann and loses puck.
14:56 of 3rd period - Snap shot by Nick Schmaltz.
14:56 of 3rd period - Shot Blocked by Emil Martinsen Lilleberg.
14:58 of 3rd period - Snap shot by Kevin Hayes.
14:58 of 3rd period - Shot Misses the Net.
15:34 of 3rd period - Wrist shot by Mikko Rantanen.
15:34 of 3rd period - Shot Misses the Net.
15:42 of 3rd period - Slapshot by Andrew Peeke.
15:42 of 3rd period - Shot Misses the Net.
15:44 of 3rd period - Snap shot by Nick Schmaltz.
15:44 of 3rd period - Stopped by Cam Talbot with a rebound.
15:46 of 3rd period - Snap shot by Kevin Hayes.
15:46 of 3rd period - Shot Blocked by Clayton Keller.
15:48 of 3rd period - Slapshot by Kevin Hayes.
15:48 of 3rd period - Shot Misses the Net.
16:06 of 3rd period - Backhand shot by Quinn Hughes.
16:06 of 3rd period - Shot Blocked by Jake Bean.
16:18 of 3rd period - Slapshot by Nick Schmaltz.
16:18 of 3rd period - Shot Misses the Net.
16:20 of 3rd period - Wrist shot by Michael Bunting.
16:20 of 3rd period - Shot Misses the Net.
16:22 of 3rd period - Slapshot by Andrew Peeke.
16:22 of 3rd period - Stopped by Cam Talbot with a rebound.
16:28 of 3rd period - Wrist shot by Nick Schmaltz.
16:28 of 3rd period - Stopped by Cam Talbot without a rebound.
16:29 of 3rd period - Tim Stutzle wins face-off versus Aleksander Barkov in Vancouver Canucks zone.
16:30 of 3rd period - Snap shot by Nikita Kucherov.
16:30 of 3rd period - Stopped by Cam Talbot without a rebound.
16:31 of 3rd period - Tim Stutzle wins face-off versus Aleksander Barkov in Vancouver Canucks zone.
16:46 of 3rd period - Slapshot by Kyle Connor.
16:46 of 3rd period - Shot Blocked by Ryan McDonagh.
16:48 of 3rd period - Minor Penalty to Anton Lundell for Holding Stick.
16:49 of 3rd period - Tim Stutzle wins face-off versus Casey Mittelstadt in Vancouver Canucks zone.
17:14 of 3rd period - Noah Hanifin is hit by David Pastrnak and loses puck.
17:37 of 3rd period - Aleksander Barkov is hit by Martin Fehervary and loses puck.
18:48 of 3rd period - Penalty to Anton Lundell is over, Anton Lundell is back on ice.
18:57 of 3rd period - Slapshot by Victor Hedman.
18:57 of 3rd period - Shot Misses the Net.
19:05 of 3rd period - Snap shot by Anton Lundell.
19:05 of 3rd period - Shot Misses the Net.
19:07 of 3rd period - Snap shot by Jesperi Kotkaniemi.
19:07 of 3rd period - Shot Blocked by Evgeny Kuznetsov.
19:09 of 3rd period - Snap shot by Noah Hanifin.
19:09 of 3rd period - Shot Misses the Net.
19:11 of 3rd period - Snap shot by Miro Heiskanen.
19:11 of 3rd period - Shot Misses the Net.
19:13 of 3rd period - Snap shot by Miro Heiskanen.
19:13 of 3rd period - Deflect By Jesperi Kotkaniemi.
19:13 of 3rd period - Stopped by Joey Daccord without a rebound.
19:14 of 3rd period - Tim Stutzle wins face-off versus Clayton Keller in Colorado Rockies zone.
19:37 of 3rd period - Wrist shot by Connor Zary.
19:37 of 3rd period - Shot Misses the Net.
19:59 of 3rd period - Zach Whitecloud is hit by Emil Martinsen Lilleberg and loses puck.
Goals for this period are 1 for Vancouver Canucks vs 0 for Colorado Rockies.
Shots for this period are 13 for Vancouver Canucks vs 10 for Colorado Rockies.
Back to the Top